 Dungeon Crawl Stone Soup version 0.20-a0-910-gb611367 (webtiles) character file.

2783 Derfel the Jinx (level 9, -4/44 HPs)
             Began as a Spriggan Enchanter on Mar 22, 2017.
             Was a Believer of Dithmenos.
             Killed by the air
             ... invoked by Gastronok
              (30 damage)
             ... on level 8 of the Dungeon on Mar 24, 2017.
             The game lasted 00:39:07 (10442 turns).

Derfel the Jinx (Spriggan Enchanter)               Turns: 10442, Time: 00:39:07

Health: -4/44      AC:  4    Str:  1    XL:     9   Next: 43%
Magic:  15/20      EV: 27    Int: 20    God:    Dithmenos [**....]
Gold:   468        SH:  0    Dex: 16    Spells: 8/21 levels left

rFire    + + +     SeeInvis +   b - +6 hand crossbow "Killer Bee's Peril" {velocity, rElec rF+++ rC- Str-3}
rCold    x . .     Gourm    .   n - +0 robe {MR+}
rNeg     . . .     Faith    .   (shield restricted)
rPois    .         Spirit   .   (helmet restricted)
rElec    +         Reflect  .   y - +1 cloak
rCorr    .         Harm     .   (gloves unavailable)
MR       ++...                  (boots unavailable)
Stlth    +++++.....             L - amulet of magic regeneration
Regen    0.2/turn               (no ring)
MPRegen  0.3/turn               r - +3 ring of evasion

@: wreathed by umbra, very quick
A: unfitting armour, see invisible, herbivore 3, speed 3, slow metabolism 2
a: Shadow Step, Renounce Religion


You were on level 8 of the Dungeon.
You worshipped Dithmenos.
Dithmenos was pleased with you.
You were not hungry.

You visited 1 branch of the dungeon, and saw 8 of its levels.

You collected 468 gold pieces.

Inventory:

Hand Weapons
 a - a +2 dagger of freezing
 b - the +6 hand crossbow "Killer Bee's Peril" (weapon) {velocity, rElec rF+++ rC- Str-3}
   (You found it on level 4 of the Dungeon)

   Any bolt fired from it inflicts extra damage.
   It affects your strength (-3).
   It renders you almost immune to fire.
   It makes you vulnerable to cold.
   It insulates you from electricity.
 m - a cursed +2 short sword
 w - a +0 dagger of speed
 J - a cursed -2 short sword
Missiles
 o - 221 stones
 K - 8 bolts (quivered)
Armour
 n - a +0 robe of magic resistance (worn)
 y - a +1 cloak (worn)
Jewellery
 r - a +3 ring of evasion (left hand)
 L - an amulet of magic regeneration (around neck)
Wands
 s - a wand of acid (2/15)
 A - a wand of iceblast (9/15)
Scrolls
 g - a scroll of fog {unknown}
 j - 3 scrolls of enchant armour
 k - a scroll of amnesia {unknown}
 p - 6 scrolls of remove curse {@r2}
 t - 3 scrolls of teleportation
 u - 2 scrolls of recharging {unknown}
 v - a scroll of random uselessness {unknown}
 B - 2 scrolls of immolation {unknown}
 C - 4 scrolls of magic mapping
 G - a scroll of enchant weapon {unknown}
Potions
 e - 3 potions of flight
 f - 8 potions of curing {@q1}
 h - a potion of invisibility {unknown}
 i - 2 potions of degeneration
 l - 4 potions of agility
 q - 2 potions of mutation {unknown}
 x - a potion of haste {unknown}
 z - a potion of resistance {unknown}
 E - 2 potions of lignification {unknown}
 H - 2 potions of heal wounds {unknown}
 I - a potion of berserk rage {unknown}
Books
 c - a book of Maledictions

   Spells                             Type                      Level
   a - Corona                         Hexes                        1
   b - Ensorcelled Hibernation        Hexes/Ice                    2
   c - Confuse                        Hexes                        3
   d - Tukima's Dance                 Hexes                        3
   e - Dazzling Spray                 Conjuration/Hexes            3
 D - a book of Cantrips

   Spells                             Type                      Level
   a - Confusing Touch                Hexes                        1
   b - Animate Skeleton               Necromancy                   1
   c - Summon Small Mammal            Summoning                    1
   d - Apportation                    Translocation                1
Comestibles
 d - 3 bread rations


   Skills:
 + Level 3.6 Fighting
 - Level 2.3 Short Blades
 + Level 8.2 Dodging
 + Level 9.5 Stealth
 + Level 6.7 Spellcasting
 * Level 9.7 Hexes


You had 8 spell levels left.
You knew the following spells:

 Your Spells              Type           Power        Failure   Level  Hunger
a - Corona                Hex            #####..      1%          1    None
b - Ensorcelled Hibernat  Hex/Ice        ####..       1%          2    None
c - Confuse               Hex            #####...     1%          3    #......
d - Dazzling Spray        Conj/Hex       ####..       4%          3    #......
e - Tukima's Dance        Hex            #####...     1%          3    #......
f - Apportation           Tloc           #.....       12%         1    None


Dungeon Overview and Level Annotations

Branches:
Dungeon (8/15)             Temple (0/1) D:5
   Lair: D:8-11

Altars:
Dithmenos
Gozag
Hepliaklqana
Nemelex Xobeh

Annotations:
D:8 Gastronok


Innate Abilities, Weirdness & Mutations

You are very small and have problems with some larger weapons.
You are too small for most types of armour.
You have supernaturally acute eyesight. (SInv)
You are a herbivore.
You cover ground extremely quickly.
You need consume almost no food.


Message History

Casting: Dazzling Spray
Confirm with . or Enter, or press ? or * to list all spells.
Aiming: Dazzling Spray
Press: ? - help, Shift-Dir - straight line, f/p - Gastronok
Aim: Gastronok, wearing a runed hat (lightly wounded)
The spray of energy hits Gastronok.
Gastronok is lightly wounded.
Gastronok waves his eye-stalks in wide circles.
The air twists around and strikes you!
Your +2 dagger of freezing stops glowing.
b - the +6 hand crossbow "Killer Bee's Peril" (weapon)
{velocity, rElec rF+++ rC- Str-3} Firing (i - inventory. (,) - cycle):
K - 9 bolts (quivered)
Press: ? - help, Shift-Dir - straight line, f/p - Gastronok
Aim: Gastronok, wearing a runed hat (lightly wounded)
You shoot a bolt. The bolt hits Gastronok!
Gastronok is lightly wounded.
Gastronok waves his eye-stalks in wide circles.
The air twists around and strikes you!
Ouch! That really hurt!
You die...

.>.......(##.###.####.##.##
.......................[..#
.......<.....###...........#
..#.....#...## ###.#######.#
.###....#..## #.# # .#
#.#..#..# #.# .#
#.#..#..#######.# >#
#....#..........#
.####...#..#....@..#
........w...####.##
#####..#.##.# #.# #....##.#
#.# #.#..##.# #.# #.#..##.#
#.# #....#... ... ##...#..#
## #...#...


You could see Gastronok.

Vanquished Creatures
  The ghost of loser178 the Poker, a novice OpFi of Hepliaklqana (D:8)
  Joseph (D:7)
  A hippogriff (D:7)
  2 orc warriors (D:6)
  An ogre (D:5)
  A sky beast (D:5)
  A centaur (D:7)
  A crocodile (D:7)
  A big kobold (D:7)
  Blork the orc (D:4)
  3 bullfrogs
  2 scorpions
  4 wights (D:5)
  A bullfrog skeleton (D:4)
  A centaur skeleton (D:5)
  A hound (D:7)
  A jelly (D:7)
  2 orc priests
  3 orc wizards
  Crazy Yiuf (D:6)
  5 worker ants
  A hound skeleton (D:5)
  Robin (D:2)
  11 gnolls
  6 adders
  A shadow imp (D:6)
  An ooze (D:6)
  4 worms
  2 dart slugs (D:1)
  3 leopard geckos
  15 orcs
  A ball python (D:4)
  7 bats
  7 giant cockroaches
  24 goblins
  9 hobgoblins
  6 jackals
  4 quokkas
  6 frilled lizards
  15 kobolds
  8 rats
167 creatures vanquished.

Notes
Turn   | Place    | Note
-------+----------+-------------------------------------------
     0 | D:1      | Derfel the Spriggan Enchanter began the quest for the Orb.
     0 | D:1      | Reached XP level 1. HP: 9/9 MP: 5/5
     0 | D:1      | Upgraded the game from 0.20-a0-903-g7e3609c to 0.20-a0-910-gb611367
   671 | D:1      | Reached XP level 2. HP: 13/13 MP: 3/6
  1186 | D:1      | Learned a level 2 spell: Ensorcelled Hibernation
  1580 | D:2      | Reached XP level 3. HP: 16/16 MP: 0/8
  2294 | D:2      | Found a sparkling altar of Nemelex Xobeh.
  2458 | D:2      | Learned a level 3 spell: Confuse
  2573 | D:2      | Reached skill level 5 in Stealth
  2722 | D:2      | Noticed Robin
  3161 | D:2      | Reached XP level 4. HP: 21/21 MP: 3/9
  3956 | D:2      | Killed Robin
  4512 | D:3      | Found a shadowy altar of Dithmenos.
  4550 | D:3      | Reached XP level 5. HP: 24/24 MP: 2/10
  4613 | D:3      | Learned a level 3 spell: Dazzling Spray
  4789 | D:3      | Became a worshipper of Dithmenos the Shadowed
  5842 | D:3      | Found a hazy altar of Hepliaklqana.
  5923 | D:3      | Reached skill level 5 in Hexes
  6283 | D:4      | Got a crystal hand crossbow
  6285 | D:4      | Identified the +6 hand crossbow "Killer Bee's Peril" {velocity, rElec rF+++ rC- Str-3} (You found it on level 4 of the Dungeon)
  6451 | D:4      | Reached XP level 6. HP: 28/29 MP: 1/12
  6785 | D:4      | Noticed Blork the orc
  6793 | D:4      | Killed Blork the orc
  6793 | D:4      | Reached skill level 1 in Fighting
  6879 | D:4      | Reached skill level 5 in Dodging
  6953 | D:5      | Entered Level 5 of the Dungeon
  7216 | D:5      | Reached XP level 7. HP: 33/33 MP: 2/14
  7440 | D:5      | Found a staircase to the Ecumenical Temple.
  7526 | D:5      | Reached * piety under Dithmenos
  7873 | D:5      | Learned a level 3 spell: Tukima's Dance
  8673 | D:6      | Reached skill level 5 in Spellcasting
  8827 | D:6      | Found an opulent altar of Gozag.
  8836 | D:6      | Reached XP level 8. HP: 39/39 MP: 13/16
  9065 | D:6      | Found a runed door.
  9069 | D:6      | Noticed Crazy Yiuf
  9073 | D:6      | Killed Crazy Yiuf
  9499 | D:7      | Noticed a hippogriff
  9501 | D:7      | Killed a hippogriff
  9920 | D:7      | Noticed Joseph
  9926 | D:7      | Killed Joseph
  9926 | D:7      | Reached XP level 9. HP: 44/44 MP: 15/19
  9965 | D:7      | Reached ** piety under Dithmenos
 10124 | D:8      | Noticed loser178's ghost (novice OpFi)
 10151 | D:8      | Killed loser178's ghost
 10357 | D:8      | Learned a level 1 spell: Apportation
 10429 | D:8      | Noticed Gastronok
 10442 | D:8      | Killed from afar by Gastronok

Vault maps used:
D:1:      dpeg_arrival_rooms_b
D:2:      kennysheep_goblin_castle, overflow_temple_1_default, first_bread,
          minivault_19
D:3:      nicolae_overflow_hidden_temple, hangedman_decor_slide_cut,
          nicolae_dithmenos_shadow_blocks
D:4:      uniq_blork_the_orc
D:5:      lemuel_temple_firewalk_b
D:6:      lemuel_doored_altar, uniq_crazy_yiuf_cottage
D:7:      uniq_joseph
D:8:      hangedman_decor_lopped, uniq_gastronok

Skill      XL: |  1  2  3  4  5  6  7  8  9 |
---------------+----------------------------+-----
Hexes          | 4 5 6 7 9 |  9.7
Short Blades   | 2 |  2.3
Spellcasting   | 3 4 5 6 |  6.7
Stealth        | 5 6 7 8 9 |  9.5
Dodging        | 4 5 6 7 8 |  8.2
Fighting       | 1 2 3 |  3.6

Action                   |  1- 3 |  4- 6 |  7- 9 || total
-------------------------+-------+-------+-------++-------
Melee: Dagger            |   144 |   131 |   112 ||   387
 Fire: Hand crossbow     |       |       |     1 ||     1
Throw: Stone             |     2 |     1 |       ||     3
 Cast: Corona            |    11 |       |       ||    11
       Ensorcelled Hiber |    34 |    89 |    42 ||   165
       Confuse           |       |     4 |     8 ||    12
       Dazzling Spray    |       |       |     9 ||     9
  Use: Scroll            |       |     6 |     3 ||     9
 Stab: Sleeping          |    30 |    46 |    42 ||   118
       Confused          |       |       |     4 ||     4
       Invisible         |       |       |     1 ||     1
  Eat: Bread ration      |     1 |     1 |       ||     2
       Royal jelly       |       |       |     1 ||     1
Armor: Robe              |    18 |     8 |     2 ||    28
Dodge: Dodged            |   139 |   134 |    73 ||   346
